Kings vs Canucks

Created - January 30, 2018 at 19:06

Goals
1 2 3 T
Kings 3 0 1 4
Canucks 0 1 2 3
Shots
1 2 3 T
Kings 14 10 11 35
Canucks 8 10 10 28

1st period

1. Kings , Jason Pominville 17 (Drew Doughty 48, Antoine Vermette 14) at 8:15 (PP)
2. Kings , Jason Pominville 18 (Johnny Gaudreau 23, Anze Kopitar 33) at 8:31
3. Kings , Travis Hamonic 2 (Anze Kopitar 34, Dmitry Kulikov 9) at 10:06

Penalties :
Patric Hornqvist (LAK) for Hooking (Minor) at 2:47, Ryan Hollweg (Van) for Interference (Minor) at 5:52, Danny DeKeiser (Van) for High sticking (Minor) at 8:11, Radko Gudas (LAK) for Slashing (Minor) at 10:26

2nd period

4. Canucks , Mike Ribeiro 16 (Brad Boyes 26, Alex Goligoski 30) at 15:48 (PP)

Penalties :
Clarke MacArthur (Van) for Interference (Minor) at 3:08, Travis Hamonic (LAK) for Roughing (Double Minor) at 15:37, Chris Mcallister (LAK) for Holding (Minor) at 16:16

3rd period

5. Kings , Patric Hornqvist 29 (Antoine Vermette 15) at 7:50
6. Canucks , Alex Goligoski 11 (Mike Ribeiro 34) at 10:18 (PP)
7. Canucks , Brad Boyes 26 (Clarke MacArthur 14, Ben Lovejoy 20) at 10:30

Penalties :
Jason Pominville (LAK) for Hooking (Minor) at 10:16, Kyle Clifford (LAK) for Hooking (Minor) at 12:49, Antoine Vermette (LAK) for Tripping (Minor) at 18:16

Goalie Stats

Frederik Andersen (LAK), 25 saves from 28 shots - (0.893), W, 12-11-1, 60:00 minutes
Carey Price (Van), 31 saves from 35 shots - (0.886), L, 17-23-3, 60:00 minutes

Players Stats for Kings

Player Name              G  A  P  +/- PIM S  H  SB GA TA FO     MP     PP MP  PK MP  
------------------------------------------------------------------------------------
Antoine Vermette         0  2  2   0  2   0  0  0  1  0  10/20  17:14   1:25   1:50 
Anze Kopitar             0  2  2   2  0   4  0  0  1  1  7/14   17:45   2:10   0:34 
Cam Janssen              0  0  0   0  0   1  1  0  0  1  0/0     7:22   0:00   0:00 
Chris Mcallister         0  0  0   0  2   1  1  0  1  0  0/0    15:02   0:29   4:56 
Dmitry Kulikov           0  1  1   3  0   3  2  0  1  0  0/0    23:34   1:54   3:39 
Drew Doughty             0  1  1  -1  0   3  2  0  0  3  0/0    22:43   2:08   3:55 
Greg Campbell            0  0  0   0  0   1  0  0  0  0  4/12   13:15   0:10   5:32 
Jason Pominville         2  0  2   2  2   4  2  1  0  1  0/2    19:27   2:08   2:24 
Johnny Gaudreau          0  1  1   2  0   2  1  0  0  0  0/0    18:43   2:10   1:28 
Josef Vasicek            0  0  0   0  0   1  0  0  0  1  3/8     9:44   0:40   0:00 
Kyle Clifford            0  0  0   0  2   3  1  0  0  0  0/0    15:28   1:28   0:00 
Noah Welch               0  0  0   0  0   1  0  1  0  0  0/0    12:28   0:00   1:26 
Patric Hornqvist         1  0  1   0  2   5  2  1  0  1  1/1    16:03   1:44   0:00 
Radim Vrbata             0  0  0   0  0   1  2  0  0  0  0/0    13:01   1:50   2:24 
Radko Gudas              0  0  0  -1  2   0  1  0  0  2  0/0    16:55   0:00   0:10 
Randy Jones              0  0  0   0  0   1  0  1  0  0  0/0    17:25   0:00   6:25 
Travis Hamonic           1  0  1   3  4   4  1  1  0  1  0/0    24:48   1:54   5:05 
Tuomo Ruutu              0  0  0   0  0   0  0  0  1  0  0/0     7:05   0:00   0:00 

Players Stats for Canucks

Player Name              G  A  P  +/- PIM S  H  SB GA TA FO     MP     PP MP  PK MP  
------------------------------------------------------------------------------------
Alex Goligoski           1  1  2  -1  0   4  2  1  1  1  0/0    31:45   6:52   2:12 
Ben Lovejoy              0  1  1  -1  0   0  0  4  0  1  0/0    27:56   3:21   2:12 
Brad Boyes               1  1  2  -2  0   3  1  0  2  0  0/1    25:17   5:55   2:04 
Chris Higgins            0  0  0   0  0   2  0  0  3  0  0/0    15:37   4:03   0:28 
Clarke MacArthur         0  1  1  -2  2   5  2  1  0  0  0/1    24:09   5:55   0:34 
Danny DeKeiser           0  0  0  -1  2   0  2  2  0  1  0/0    19:53   6:59   0:00 
Darren Helm              0  0  0   0  0   0  1  1  0  1  3/5    11:32   0:00   0:21 
Jamie McBain             0  0  0  -1  0   1  0  0  0  0  0/0    17:33   3:12   1:50 
Jiri Hudler              0  0  0   0  0   2  1  1  0  0  1/2    15:14   4:16   0:00 
Martins Karsums          0  0  0   0  0   1  0  0  1  0  0/0     5:34   0:09   0:00 
Mike Ribeiro             1  1  2  -2  0   2  2  0  1  0  22/38  25:08   5:55   2:14 
Nik Antropov             0  0  0   0  0   1  0  0  0  0  6/9    20:05   4:03   1:17 
Patrik Elias             0  0  0   0  0   1  0  0  0  0  0/0     6:41   0:00   1:06 
Ryan Hollweg             0  0  0   0  2   3  3  0  2  0  0/0    12:26   0:22   0:00 
Sami Lepisto             0  0  0   0  0   0  0  0  0  0  0/0    10:02   0:00   0:00 
Shane Doan               0  0  0   0  0   0  1  0  0  0  0/0     3:05   0:22   0:00 
Stefan Ruzicka           0  0  0   0  0   3  2  1  1  1  0/1    11:08   0:00   0:00 
Tom Poti                 0  0  0   0  0   0  1  2  0  0  0/0    12:50   0:16   1:50 

3 Stars

1 - Jason Pominville (LAK)
2 - Dmitry Kulikov (LAK)
3 - Anze Kopitar (LAK)

Power Play

Kings - 1 on 3 Attempt(s) - 33.33%
Canucks - 2 on 8 Attempt(s) - 25.00%

Penalty Kill

Kings - 6 on 8 Attempt(s) - 75.00% - Score 0 goal in Penalty Kill
Canucks - 2 on 3 Attempt(s) - 66.67% - Score 0 goal in Penalty Kill

Team Stat

Kings - Hits : 16 - Faceoff Wins : 25 - Blocked Shots : 5 - Penalty Minutes : 16
Canucks - Hits : 18 - Faceoff Wins : 32 - Blocked Shots : 13 - Penalty Minutes : 6

Official

Referees : Walkom Stephen and Furlatt Eric
Linesman : Derek Amell and Mike Cvik

Game Notes

No Game Note

Finance

Level 1 -- Attendance: 6000 (100.00%) -- Ticket Income $540,000
Level 2 -- Attendance: 4916 (98.32%) -- Ticket Income $260,548
Level 3 -- Attendance: 2000 (100.00%) -- Ticket Income $68,000
Level 4 -- Attendance: 4000 (100.00%) -- Ticket Income $84,000
Luxury Box -- Attendance: 1000 (100.00%) -- Ticket Income $104,000
Game was played at the Budweiser Coliseum.
Total Attendance: 17916 (99.53%)
Total Ticket Income: $1,056,548
Other Income: $158,482
Total Income: $1,215,030

Kings

5 vs 5 Forward 
   Center                   Left Wing                Right Wing               Time % Phy DF OF 
 1 Antoine Vermette         Kyle Clifford            Patric Hornqvist         40     1   2  2  
 2 Anze Kopitar             Johnny Gaudreau          Jason Pominville         40     1   2  2  
 3 Josef Vasicek            Chris Mcallister         Radim Vrbata             15     1   3  1  
 4 Greg Campbell            Tuomo Ruutu              Cam Janssen              5      1   3  1  

5 vs 5 Defense 
   Defense                  Defense                                           Time % Phy DF OF 
 1 Drew Doughty             Radko Gudas                                       40     1   3  1  
 2 Dmitry Kulikov           Travis Hamonic                                    40     1   3  1  
 3 Noah Welch               Randy Jones                                       20     0   4  1  
 4 Drew Doughty             Dmitry Kulikov                                    0      1   3  1  

PowerPlay Forward 
   Center                   Left Wing                Right Wing               Time % Phy DF OF 
 1 Anze Kopitar             Johnny Gaudreau          Patric Hornqvist         60     1   1  3  
 2 Antoine Vermette         Kyle Clifford            Radim Vrbata             40     1   1  3  

PowerPlay Defense
   Defense                  Defense                                           Time % Phy DF OF 
 1 Drew Doughty             Jason Pominville                                  60     0   2  3  
 2 Travis Hamonic           Dmitry Kulikov                                    40     0   3  2  

Penalty Kill 4 Players Forward 
   Center                   Wing                     Time % Phy DF OF 
 1 Greg Campbell            Chris Mcallister         60     1   3  1  
 2 Jason Pominville         Radim Vrbata             40     1   3  1  

Penalty Kill 4 Players Defense
   Defense                  Defense                  Time % Phy DF OF 
 1 Randy Jones              Travis Hamonic           60     1   4  0  
 2 Dmitry Kulikov           Drew Doughty             40     1   4  0  

Penalty Kill - 3 Players Forward 
   Forward                                           Time % Phy DF OF 
 1 Greg Campbell                                     60     1   3  1  
 2 Anze Kopitar                                      40     1   3  1  

Penalty Kill - 3 Players Defense
   Defense                  Defense                  Time % Phy DF OF 
 1 Drew Doughty             Travis Hamonic           60     1   4  0  
 2 Dmitry Kulikov           Randy Jones              40     1   4  0  

4 vs 4 Forward 
   Center                   Wing                     Time % Phy DF OF 
 1 Anze Kopitar             Patric Hornqvist         60     1   2  2  
 2 Jason Pominville         Radim Vrbata             40     1   2  2  

4 vs 4 Defense
   Defense                  Defense                  Time % Phy DF OF 
 1 Drew Doughty             Travis Hamonic           60     1   2  2  
 2 Dmitry Kulikov           Randy Jones              40     1   2  2  

Last Minutes Offensive
   Center                   Left Wing                Right Wing               Defense                  Defense                  
   Anze Kopitar             Johnny Gaudreau          Patric Hornqvist         Drew Doughty             Dmitry Kulikov           

Last Minutes Defensive
   Center                   Left Wing                Right Wing               Defense                  Defense                  
   Anze Kopitar             Chris Mcallister         Jason Pominville         Drew Doughty             Travis Hamonic           

Goaltenders
Starting : Frederik Andersen        
Backup : Mike Brodeur             

Extra Forwards
Normal : Anze Kopitar, Jason Pominville, Patric Hornqvist - PP : Josef Vasicek, Chris Mcallister - PK : Greg Campbell
Extra Defensemen
Normal : Drew Doughty, Travis Hamonic, Dmitry Kulikov - PP : Noah Welch - PK : Noah Welch, Radko Gudas
Penalty Shots
Anze Kopitar, Radim Vrbata, Patric Hornqvist, Tuomo Ruutu, Greg Campbell

Scratches
None

Canucks

5 vs 5 Forward 
   Center                   Left Wing                Right Wing               Time % Phy DF OF 
 1 Mike Ribeiro             Clarke MacArthur         Brad Boyes               59     0   0  5  
 2 Nik Antropov             Chris Higgins            Jiri Hudler              22     0   2  3  
 3 Darren Helm              Ryan Hollweg             Stefan Ruzicka           14     0   2  3  
 4 Nik Antropov             Patrik Elias             Martins Karsums          5      0   3  2  

5 vs 5 Defense 
   Defense                  Defense                                           Time % Phy DF OF 
 1 Alex Goligoski           Ben Lovejoy                                       62     0   0  5  
 2 Jamie McBain             Danny DeKeiser                                    20     0   2  3  
 3 Tom Poti                 Sami Lepisto                                      12     0   3  2  
 4 Alex Goligoski           Danny DeKeiser                                    6      0   0  5  

PowerPlay Forward 
   Center                   Left Wing                Right Wing               Time % Phy DF OF 
 1 Mike Ribeiro             Clarke MacArthur         Brad Boyes               80     0   0  0  
 2 Nik Antropov             Chris Higgins            Jiri Hudler              20     0   0  5  

PowerPlay Defense
   Defense                  Defense                                           Time % Phy DF OF 
 1 Alex Goligoski           Danny DeKeiser                                    80     0   0  5  
 2 Jamie McBain             Ben Lovejoy                                       20     0   0  5  

Penalty Kill 4 Players Forward 
   Center                   Wing                     Time % Phy DF OF 
 1 Mike Ribeiro             Brad Boyes               60     1   2  2  
 2 Clarke MacArthur         Nik Antropov             40     1   2  2  

Penalty Kill 4 Players Defense
   Defense                  Defense                  Time % Phy DF OF 
 1 Alex Goligoski           Ben Lovejoy              60     1   2  2  
 2 Jamie McBain             Tom Poti                 40     1   2  2  

Penalty Kill - 3 Players Forward 
   Forward                                           Time % Phy DF OF 
 1 Mike Ribeiro                                      60     1   2  2  
 2 Brad Boyes                                        40     1   2  2  

Penalty Kill - 3 Players Defense
   Defense                  Defense                  Time % Phy DF OF 
 1 Alex Goligoski           Ben Lovejoy              60     1   2  2  
 2 Jamie McBain             Tom Poti                 40     1   2  2  

4 vs 4 Forward 
   Center                   Wing                     Time % Phy DF OF 
 1 Mike Ribeiro             Brad Boyes               60     1   2  2  
 2 Clarke MacArthur         Nik Antropov             40     1   2  2  

4 vs 4 Defense
   Defense                  Defense                  Time % Phy DF OF 
 1 Alex Goligoski           Ben Lovejoy              60     1   2  2  
 2 Jamie McBain             Danny DeKeiser           40     1   2  2  

Last Minutes Offensive
   Center                   Left Wing                Right Wing               Defense                  Defense                  
   Mike Ribeiro             Clarke MacArthur         Brad Boyes               Alex Goligoski           Ben Lovejoy              

Last Minutes Defensive
   Center                   Left Wing                Right Wing               Defense                  Defense                  
   Mike Ribeiro             Clarke MacArthur         Brad Boyes               Alex Goligoski           Ben Lovejoy              

Goaltenders
Starting : Carey Price              
Backup : Karri Ramo               

Extra Forwards
Normal : Shane Doan, Ryan Hollweg, Patrik Elias - PP : Shane Doan, Ryan Hollweg - PK : Patrik Elias
Extra Defensemen
Normal : Tom Poti, Sami Lepisto, Jamie McBain - PP : Tom Poti - PK : Sami Lepisto, Jamie McBain
Penalty Shots
Mike Ribeiro, Brad Boyes, Clarke MacArthur, Nik Antropov, Jiri Hudler

Scratches
Lasse Kukkonen (Healthy), Matt Stajan (Broken Left Index Finger Injury), Maxim Lapierre (Broken Ribs Injury)

% Time on Ice - Kings

Lines # - Real PCT - Wanted PCT - Time Play
Normal Forward
1 - 32% - 40% - 14:33
2 - 33% - 40% - 15:13
3 - 19% - 15% - 8:47
4 - 16% - 5% - 7:05
Normal Defense
1 - 38% - 40% - 17:14
2 - 38% - 40% - 17:22
3 - 24% - 20% - 11:02
4 - 0% - 0% - 0:00
PP Forward
1 - 55% - 60% - 2:12
2 - 45% - 40% - 1:50
PP Defense
1 - 53% - 60% - 2:08
2 - 47% - 40% - 1:54
PK Forward
1 - 73% - 60% - 6:25
2 - 27% - 40% - 2:24
PK Defense
1 - 66% - 60% - 5:49
2 - 34% - 40% - 3:00
PK3 Forward
1 - 79% - 60% - 1:12
2 - 21% - 40% - 0:19
PK3 Defense
1 - 57% - 60% - 0:52
2 - 43% - 40% - 0:39
44 Forward
1 - 0% - 60%
2 - 0% - 40%
44 Defense
1 - 0% - 60%
2 - 0% - 40%
Last Minute Offensive  - 0:00
Last Minute Defensive  - 0:00
Total
Forward - 60:00
Defense - 60:00

% Time on Ice - Canucks

Lines # - Real PCT - Wanted PCT - Time Play
Normal Forward
1 - 38% - 59% - 17:10
2 - 28% - 22% - 12:55
3 - 24% - 14% - 11:08
4 - 10% - 5% - 4:25
Normal Defense
1 - 50% - 62% - 22:43
2 - 27% - 20% - 12:18
3 - 21% - 12% - 9:42
4 - 2% - 6% - 0:55
PP Forward
1 - 61% - 80% - 6:17
2 - 39% - 20% - 4:03
PP Defense
1 - 69% - 80% - 7:08
2 - 31% - 20% - 3:12
PK Forward
1 - 68% - 60% - 2:45
2 - 32% - 40% - 1:17
PK Defense
1 - 55% - 60% - 2:12
2 - 45% - 40% - 1:50
PK3 Forward
1 - 0% - 60%
2 - 0% - 40%
PK3 Defense
1 - 0% - 60%
2 - 0% - 40%
44 Forward
1 - 0% - 60%
2 - 0% - 40%
44 Defense
1 - 0% - 60%
2 - 0% - 40%
Last Minute Offensive  - 0:00
Last Minute Defensive  - 0:00
Total
Forward - 60:00
Defense - 60:00

Play by Play

1st period


0:01 of 1st period - Antoine Vermette wins face-off versus Mike Ribeiro in neutral zone.
0:49 of 1st period - Slapshot by Alex Goligoski.
0:49 of 1st period - Shot Hit the Post.
0:55 of 1st period - Slapshot by Josef Vasicek.
0:55 of 1st period - Shot Blocked by Ben Lovejoy.
1:25 of 1st period - Snap shot by Patrik Elias.
1:25 of 1st period - Stopped by Frederik Andersen with a rebound.
1:41 of 1st period - Snap shot by Jason Pominville.
1:41 of 1st period - Shot Blocked by Stefan Ruzicka.
2:03 of 1st period - Drew Doughty is hit by Mike Ribeiro and loses puck.
2:14 of 1st period - Nik Antropov is hit by Radko Gudas and loses puck.
2:47 of 1st period - Minor Penalty to Patric Hornqvist for Hooking.
2:48 of 1st period - Greg Campbell wins face-off versus Clarke MacArthur in Kings zone.
2:57 of 1st period - Slapshot by Alex Goligoski.
2:57 of 1st period - Stopped by Frederik Andersen with a rebound.
2:59 of 1st period - Slapshot by Danny DeKeiser.
2:59 of 1st period - Shot Blocked by Travis Hamonic.
3:01 of 1st period - Snap shot by Clarke MacArthur.
3:01 of 1st period - Shot Hit the Post.
3:03 of 1st period - Slapshot by Danny DeKeiser.
3:03 of 1st period - Shot Misses the Net.
4:42 of 1st period - Randy Jones is hit by Danny DeKeiser and loses puck.
4:47 of 1st period - Penalty to Patric Hornqvist is over, Patric Hornqvist is back on ice.
4:55 of 1st period - Wrist shot by Patric Hornqvist.
4:55 of 1st period - Deflect By Antoine Vermette.
4:55 of 1st period - Shot Misses the Net.
4:55 of 1st period - Puck is out of play.
4:56 of 1st period - Darren Helm wins face-off versus Antoine Vermette in Canucks zone.
5:01 of 1st period - Backhand shot by Darren Helm.
5:01 of 1st period - Shot Misses the Net.
5:50 of 1st period - Slapshot by Patric Hornqvist.
5:50 of 1st period - Shot Misses the Net.
5:52 of 1st period - Minor Penalty to Ryan Hollweg for Interference.
5:53 of 1st period - Anze Kopitar wins face-off versus Mike Ribeiro in Canucks zone.
6:12 of 1st period - Slapshot by Anze Kopitar.
6:12 of 1st period - Stopped by Carey Price with a rebound.
7:52 of 1st period - Penalty to Ryan Hollweg is over, Ryan Hollweg is back on ice.
8:00 of 1st period - Dmitry Kulikov is hit by Darren Helm and loses puck.
8:11 of 1st period - Minor Penalty to Danny DeKeiser for High sticking.
8:12 of 1st period - Antoine Vermette wins face-off versus Mike Ribeiro in Canucks zone.
8:13 of 1st period - Slapshot by Drew Doughty.
8:13 of 1st period - Shot Blocked by Ben Lovejoy.
8:15 of 1st period - Wrist shot by Jason Pominville.
8:15 of 1st period - Deflect By Alex Goligoski.
8:15 of 1st period - Goal by Jason Pominville - Kings : 1 - Canucks : 0.
8:16 of 1st period - Mike Ribeiro wins face-off versus Anze Kopitar in neutral zone.
8:21 of 1st period - Snap shot by Clarke MacArthur.
8:21 of 1st period - Shot Misses the Net.
8:31 of 1st period - Wrist shot by Jason Pominville.
8:31 of 1st period - Goal by Jason Pominville - Kings : 2 - Canucks : 0.
8:32 of 1st period - Anze Kopitar wins face-off versus Mike Ribeiro in neutral zone.
8:39 of 1st period - Wrist shot by Jason Pominville.
8:39 of 1st period - Stopped by Carey Price without a rebound.
8:40 of 1st period - Mike Ribeiro wins face-off versus Jason Pominville in Canucks zone.
9:39 of 1st period - Wrist shot by Mike Ribeiro.
9:39 of 1st period - Stopped by Frederik Andersen with a rebound.
10:04 of 1st period - Snap shot by Anze Kopitar.
10:04 of 1st period - Shot Blocked by Ben Lovejoy.
10:06 of 1st period - Slapshot by Travis Hamonic.
10:06 of 1st period - Goal by Travis Hamonic - Kings : 3 - Canucks : 0.
10:07 of 1st period - Jiri Hudler wins face-off versus Antoine Vermette in neutral zone.
10:14 of 1st period - Snap shot by Chris Higgins.
10:14 of 1st period - Deflect By Drew Doughty.
10:14 of 1st period - Stopped by Frederik Andersen with a rebound.
10:16 of 1st period - Wrist shot by Jiri Hudler.
10:16 of 1st period - Shot Misses the Net.
10:18 of 1st period - Backhand shot by Jiri Hudler.
10:18 of 1st period - Stopped by Frederik Andersen without a rebound.
10:19 of 1st period - Nik Antropov wins face-off versus Antoine Vermette in Kings zone.
10:24 of 1st period - Snap shot by Jiri Hudler.
10:24 of 1st period - Deflect By Nik Antropov.
10:24 of 1st period - Stopped by Frederik Andersen with a rebound.
10:26 of 1st period - Minor Penalty to Radko Gudas for Slashing.
10:27 of 1st period - Mike Ribeiro wins face-off versus Greg Campbell in Kings zone.
11:13 of 1st period - Icing by Danny DeKeiser.
11:14 of 1st period - Mike Ribeiro wins face-off versus Greg Campbell in Canucks zone.
12:26 of 1st period - Penalty to Radko Gudas is over, Radko Gudas is back on ice.
12:34 of 1st period - Drew Doughty is hit by Alex Goligoski.
12:38 of 1st period - Wrist shot by Kyle Clifford.
12:38 of 1st period - Shot Misses the Net.
12:54 of 1st period - Sami Lepisto is hit by Jason Pominville and loses puck.
13:09 of 1st period - Sami Lepisto is hit by Drew Doughty and loses puck.
13:35 of 1st period - Drew Doughty is hit by Ryan Hollweg and loses puck.
13:58 of 1st period - Slapshot by Dmitry Kulikov.
13:58 of 1st period - Shot Blocked by Tom Poti.
14:00 of 1st period - Slapshot by Travis Hamonic.
14:00 of 1st period - Stopped by Carey Price with a rebound.
14:02 of 1st period - Slapshot by Dmitry Kulikov.
14:02 of 1st period - Stopped by Carey Price with a rebound.
14:04 of 1st period - Slapshot by Randy Jones.
14:04 of 1st period - Stopped by Carey Price with a rebound.
14:06 of 1st period - Slapshot by Randy Jones.
14:06 of 1st period - Shot Misses the Net.
14:46 of 1st period - Clarke MacArthur is hit by Jason Pominville and loses puck.
15:54 of 1st period - Wrist shot by Anze Kopitar.
15:54 of 1st period - Stopped by Carey Price with a rebound.
16:39 of 1st period - Wrist shot by Greg Campbell.
16:39 of 1st period - Shot Blocked by Tom Poti.
16:48 of 1st period - Icing by Tom Poti.
16:49 of 1st period - Antoine Vermette wins face-off versus Stefan Ruzicka in Canucks zone.
17:02 of 1st period - Snap shot by Antoine Vermette.
17:02 of 1st period - Deflect By Kyle Clifford.
17:02 of 1st period - Stopped by Carey Price without a rebound.
17:03 of 1st period - Mike Ribeiro wins face-off versus Anze Kopitar in Canucks zone.
17:20 of 1st period - Wrist shot by Johnny Gaudreau.
17:20 of 1st period - Stopped by Carey Price without a rebound.
17:21 of 1st period - Antoine Vermette wins face-off versus Mike Ribeiro in Canucks zone.
17:39 of 1st period - Patric Hornqvist is hit by Alex Goligoski.
17:55 of 1st period - Snap shot by Nik Antropov.
17:55 of 1st period - Shot Misses the Net.
18:01 of 1st period - Slapshot by Chris Higgins.
18:01 of 1st period - Stopped by Frederik Andersen without a rebound.
18:02 of 1st period - Nik Antropov wins face-off versus Josef Vasicek in Kings zone.
18:03 of 1st period - Snap shot by Chris Higgins.
18:03 of 1st period - Deflect By Nik Antropov.
18:03 of 1st period - Shot Misses the Net.
18:03 of 1st period - Puck is out of play.
18:04 of 1st period - Josef Vasicek wins face-off versus Nik Antropov in Kings zone.
18:34 of 1st period - Slapshot by Jason Pominville.
18:34 of 1st period - Shot Misses the Net.
18:36 of 1st period - Slapshot by Dmitry Kulikov.
18:36 of 1st period - Stopped by Carey Price with a rebound.
18:38 of 1st period - Snap shot by Dmitry Kulikov.
18:38 of 1st period - Stopped by Carey Price without a rebound.
18:39 of 1st period - Anze Kopitar wins face-off versus Mike Ribeiro in Canucks zone.
19:29 of 1st period - Slapshot by Clarke MacArthur.
19:29 of 1st period - Stopped by Frederik Andersen with a rebound.
19:37 of 1st period - Wrist shot by Patric Hornqvist.
19:37 of 1st period - Stopped by Carey Price without a rebound.
19:38 of 1st period - Anze Kopitar wins face-off versus Jiri Hudler in Canucks zone.
Goals for this period are 3 for Kings vs 0 for Canucks.
Shots for this period are 14 for Kings vs 8 for Canucks.

2nd period


0:01 of 2nd period - Mike Ribeiro wins face-off versus Antoine Vermette in neutral zone.
0:33 of 2nd period - Wrist shot by Jason Pominville.
0:33 of 2nd period - Shot Hit the Post.
0:53 of 2nd period - Wrist shot by Ryan Hollweg.
0:53 of 2nd period - Stopped by Frederik Andersen without a rebound.
0:54 of 2nd period - Antoine Vermette wins face-off versus Darren Helm in Kings zone.
0:54 of 2nd period - Antoine Vermette is hit by Ryan Hollweg.
1:31 of 2nd period - Wrist shot by Brad Boyes.
1:31 of 2nd period - Shot Misses the Net.
1:57 of 2nd period - Jiri Hudler is hit by Johnny Gaudreau and loses puck.
2:40 of 2nd period - Slapshot by Jamie McBain.
2:40 of 2nd period - Shot Blocked by Randy Jones.
2:42 of 2nd period - Slapshot by Stefan Ruzicka.
2:42 of 2nd period - Shot Misses the Net.
2:54 of 2nd period - Wrist shot by Antoine Vermette.
2:54 of 2nd period - Shot Blocked by Danny DeKeiser.
3:08 of 2nd period - Minor Penalty to Clarke MacArthur for Interference.
3:09 of 2nd period - Anze Kopitar wins face-off versus Mike Ribeiro in Canucks zone.
3:48 of 2nd period - Wrist shot by Kyle Clifford.
3:48 of 2nd period - Stopped by Carey Price without a rebound.
3:49 of 2nd period - Mike Ribeiro wins face-off versus Antoine Vermette in Canucks zone.
5:08 of 2nd period - Penalty to Clarke MacArthur is over, Clarke MacArthur is back on ice.
6:38 of 2nd period - Snap shot by Ryan Hollweg.
6:38 of 2nd period - Stopped by Frederik Andersen with a rebound.
7:01 of 2nd period - Off-side.
7:02 of 2nd period - Nik Antropov wins face-off versus Josef Vasicek in neutral zone.
7:24 of 2nd period - Jason Pominville is hit by Brad Boyes.
8:01 of 2nd period - Slapshot by Tuomo Ruutu.
8:01 of 2nd period - Shot Misses the Net.
8:03 of 2nd period - Snap shot by Noah Welch.
8:03 of 2nd period - Stopped by Carey Price without a rebound.
8:04 of 2nd period - Nik Antropov wins face-off versus Greg Campbell in Canucks zone.
8:04 of 2nd period - Nik Antropov is hit by Cam Janssen.
8:26 of 2nd period - Snap shot by Anze Kopitar.
8:26 of 2nd period - Shot Misses the Net.
8:28 of 2nd period - Wrist shot by Anze Kopitar.
8:28 of 2nd period - Stopped by Carey Price without a rebound.
8:29 of 2nd period - Mike Ribeiro wins face-off versus Anze Kopitar in Canucks zone.
9:23 of 2nd period - Alex Goligoski is hit by Dmitry Kulikov.
9:57 of 2nd period - Slapshot by Jamie McBain.
9:57 of 2nd period - Stopped by Frederik Andersen with a rebound.
10:07 of 2nd period - Clarke MacArthur is hit by Drew Doughty and loses puck.
10:16 of 2nd period - Snap shot by Patric Hornqvist.
10:16 of 2nd period - Stopped by Carey Price with a rebound.
10:32 of 2nd period - Snap shot by Stefan Ruzicka.
10:32 of 2nd period - Stopped by Frederik Andersen with a rebound.
11:14 of 2nd period - Wrist shot by Jiri Hudler.
11:14 of 2nd period - Shot Misses the Net.
12:06 of 2nd period - Slapshot by Radko Gudas.
12:06 of 2nd period - Shot Blocked by Darren Helm.
12:38 of 2nd period - Snap shot by Jiri Hudler.
12:38 of 2nd period - Stopped by Frederik Andersen without a rebound.
12:39 of 2nd period - Antoine Vermette wins face-off versus Mike Ribeiro in Kings zone.
12:39 of 2nd period - Antoine Vermette is hit by Clarke MacArthur.
12:45 of 2nd period - Slapshot by Travis Hamonic.
12:45 of 2nd period - Deflect By Antoine Vermette.
12:45 of 2nd period - Shot Misses the Net.
12:45 of 2nd period - Puck is out of play.
12:46 of 2nd period - Mike Ribeiro wins face-off versus Antoine Vermette in Canucks zone.
12:46 of 2nd period - Mike Ribeiro is hit by Dmitry Kulikov.
12:56 of 2nd period - Slapshot by Patric Hornqvist.
12:56 of 2nd period - Stopped by Carey Price with a rebound.
12:58 of 2nd period - Wrist shot by Patric Hornqvist.
12:58 of 2nd period - Stopped by Carey Price with a rebound.
13:00 of 2nd period - Snap shot by Kyle Clifford.
13:00 of 2nd period - Stopped by Carey Price with a rebound.
13:02 of 2nd period - Slapshot by Dmitry Kulikov.
13:02 of 2nd period - Shot Blocked by Clarke MacArthur.
13:16 of 2nd period - Snap shot by Jiri Hudler.
13:16 of 2nd period - Shot Misses the Net.
13:29 of 2nd period - Icing by Tom Poti.
13:30 of 2nd period - Nik Antropov wins face-off versus Josef Vasicek in Canucks zone.
13:32 of 2nd period - Icing by Sami Lepisto.
13:33 of 2nd period - Josef Vasicek wins face-off versus Mike Ribeiro in Canucks zone.
13:34 of 2nd period - Slapshot by Drew Doughty.
13:34 of 2nd period - Stopped by Carey Price without a rebound.
13:35 of 2nd period - Mike Ribeiro wins face-off versus Josef Vasicek in Canucks zone.
13:40 of 2nd period - Snap shot by Alex Goligoski.
13:40 of 2nd period - Shot Misses the Net.
14:02 of 2nd period - Slapshot by Anze Kopitar.
14:02 of 2nd period - Stopped by Carey Price without a rebound.
14:03 of 2nd period - Nik Antropov wins face-off versus Anze Kopitar in Canucks zone.
14:14 of 2nd period - Snap shot by Jason Pominville.
14:14 of 2nd period - Stopped by Carey Price without a rebound.
14:15 of 2nd period - Antoine Vermette wins face-off versus Mike Ribeiro in Canucks zone.
14:20 of 2nd period - Wrist shot by Patric Hornqvist.
14:20 of 2nd period - Shot Blocked by Alex Goligoski.
14:28 of 2nd period - Wrist shot by Brad Boyes.
14:28 of 2nd period - Shot Blocked by Patric Hornqvist.
14:45 of 2nd period - Wrist shot by Chris Higgins.
14:45 of 2nd period - Shot Hit the Post.
15:05 of 2nd period - Jamie McBain is hit by Radim Vrbata and loses puck.
15:28 of 2nd period - Wrist shot by Clarke MacArthur.
15:28 of 2nd period - Stopped by Frederik Andersen without a rebound.
15:29 of 2nd period - Patric Hornqvist wins face-off versus Mike Ribeiro in Kings zone.
15:37 of 2nd period - Double Minor Penalty to Travis Hamonic for Roughing.
15:38 of 2nd period - Mike Ribeiro wins face-off versus Greg Campbell in Kings zone.
15:44 of 2nd period - Slapshot by Brad Boyes.
15:44 of 2nd period - Shot Misses the Net.
15:46 of 2nd period - Snap shot by Brad Boyes.
15:46 of 2nd period - Shot Blocked by Noah Welch.
15:48 of 2nd period - Wrist shot by Brad Boyes.
15:48 of 2nd period - Deflect By Mike Ribeiro.
15:48 of 2nd period - Goal by Mike Ribeiro - Kings : 3 - Canucks : 1.
15:49 of 2nd period - Mike Ribeiro wins face-off versus Greg Campbell in neutral zone.
15:52 of 2nd period - Slapshot by Alex Goligoski.
15:52 of 2nd period - Shot Misses the Net.
15:54 of 2nd period - Slapshot by Alex Goligoski.
15:54 of 2nd period - Deflect By Mike Ribeiro.
15:54 of 2nd period - Shot Misses the Net.
15:54 of 2nd period - Puck is out of play.
15:55 of 2nd period - Mike Ribeiro wins face-off versus Greg Campbell in Kings zone.
15:56 of 2nd period - Snap shot by Brad Boyes.
15:56 of 2nd period - Deflect By Clarke MacArthur.
15:56 of 2nd period - Stopped by Frederik Andersen with a rebound.
16:02 of 2nd period - Snap shot by Brad Boyes.
16:02 of 2nd period - Shot Misses the Net.
16:16 of 2nd period - Minor Penalty to Chris Mcallister for Holding.
16:17 of 2nd period - Mike Ribeiro wins face-off versus Greg Campbell in Kings zone.
17:10 of 2nd period - Randy Jones is hit by Clarke MacArthur and loses puck.
17:48 of 2nd period - Penalty to Travis Hamonic is over, Travis Hamonic is back on ice.
18:16 of 2nd period - Penalty to Chris Mcallister is over, Chris Mcallister is back on ice.
18:26 of 2nd period - Snap shot by Martins Karsums.
18:26 of 2nd period - Stopped by Frederik Andersen without a rebound.
18:27 of 2nd period - Darren Helm wins face-off versus Josef Vasicek in Kings zone.
18:33 of 2nd period - Off-side.
18:34 of 2nd period - Josef Vasicek wins face-off versus Darren Helm in neutral zone.
18:44 of 2nd period - Snap shot by Stefan Ruzicka.
18:44 of 2nd period - Stopped by Frederik Andersen without a rebound.
18:45 of 2nd period - Mike Ribeiro wins face-off versus Jason Pominville in Kings zone.
19:21 of 2nd period - Slapshot by Patric Hornqvist.
19:21 of 2nd period - Shot Blocked by Ben Lovejoy.
19:31 of 2nd period - Alex Goligoski is hit by Radim Vrbata and loses puck.
Goals for this period are 0 for Kings vs 1 for Canucks.
Shots for this period are 10 for Kings vs 10 for Canucks.

3rd period


0:01 of 3rd period - Mike Ribeiro wins face-off versus Anze Kopitar in neutral zone.
0:54 of 3rd period - Wrist shot by Josef Vasicek.
0:54 of 3rd period - Stopped by Carey Price with a rebound.
1:00 of 3rd period - Snap shot by Chris Mcallister.
1:00 of 3rd period - Shot Misses the Net.
1:33 of 3rd period - Wrist shot by Martins Karsums.
1:33 of 3rd period - Shot Misses the Net.
1:48 of 3rd period - Noah Welch is hit by Tom Poti and loses puck.
1:55 of 3rd period - Brad Boyes is hit by Patric Hornqvist and loses puck.
3:22 of 3rd period - Slapshot by Alex Goligoski.
3:22 of 3rd period - Stopped by Frederik Andersen with a rebound.
3:24 of 3rd period - Slapshot by Mike Ribeiro.
3:24 of 3rd period - Deflect By Brad Boyes.
3:24 of 3rd period - Stopped by Frederik Andersen with a rebound.
3:36 of 3rd period - Slapshot by Drew Doughty.
3:36 of 3rd period - Deflect By Jamie McBain.
3:36 of 3rd period - Stopped by Carey Price with a rebound.
3:44 of 3rd period - Slapshot by Jason Pominville.
3:44 of 3rd period - Shot Blocked by Jiri Hudler.
3:46 of 3rd period - Slapshot by Randy Jones.
3:46 of 3rd period - Shot Blocked by Danny DeKeiser.
4:11 of 3rd period - Tuomo Ruutu is hit by Stefan Ruzicka and loses puck.
4:35 of 3rd period - Wrist shot by Chris Mcallister.
4:35 of 3rd period - Shot Misses the Net.
4:37 of 3rd period - Snap shot by Radim Vrbata.
4:37 of 3rd period - Stopped by Carey Price without a rebound.
4:38 of 3rd period - Antoine Vermette wins face-off versus Mike Ribeiro in Canucks zone.
5:04 of 3rd period - Randy Jones is hit by Stefan Ruzicka and loses puck.
5:13 of 3rd period - Snap shot by Jason Pominville.
5:13 of 3rd period - Shot Misses the Net.
5:19 of 3rd period - Anze Kopitar is hit by Ryan Hollweg.
5:29 of 3rd period - Slapshot by Drew Doughty.
5:29 of 3rd period - Stopped by Carey Price with a rebound.
5:31 of 3rd period - Wrist shot by Greg Campbell.
5:31 of 3rd period - Stopped by Carey Price with a rebound.
5:51 of 3rd period - Chris Higgins is hit by Patric Hornqvist and loses puck.
6:42 of 3rd period - Snap shot by Cam Janssen.
6:42 of 3rd period - Stopped by Carey Price without a rebound.
6:43 of 3rd period - Greg Campbell wins face-off versus Brad Boyes in Canucks zone.
6:58 of 3rd period - Slapshot by Travis Hamonic.
6:58 of 3rd period - Stopped by Carey Price without a rebound.
6:59 of 3rd period - Anze Kopitar wins face-off versus Nik Antropov in Canucks zone.
7:00 of 3rd period - Slapshot by Drew Doughty.
7:00 of 3rd period - Shot Misses the Net.
7:31 of 3rd period - Slapshot by Dmitry Kulikov.
7:31 of 3rd period - Shot Misses the Net.
7:33 of 3rd period - Wrist shot by Kyle Clifford.
7:33 of 3rd period - Shot Misses the Net.
7:35 of 3rd period - Slapshot by Travis Hamonic.
7:35 of 3rd period - Stopped by Carey Price without a rebound.
7:36 of 3rd period - Mike Ribeiro wins face-off versus Anze Kopitar in Canucks zone.
7:48 of 3rd period - Icing by Brad Boyes.
7:49 of 3rd period - Antoine Vermette wins face-off versus Mike Ribeiro in Canucks zone.
7:50 of 3rd period - Snap shot by Patric Hornqvist.
7:50 of 3rd period - Goal by Patric Hornqvist - Kings : 4 - Canucks : 1.
7:51 of 3rd period - Mike Ribeiro wins face-off versus Antoine Vermette in neutral zone.
7:56 of 3rd period - Wrist shot by Patric Hornqvist.
7:56 of 3rd period - Shot Misses the Net.
8:27 of 3rd period - Snap shot by Johnny Gaudreau.
8:27 of 3rd period - Stopped by Carey Price without a rebound.
8:28 of 3rd period - Mike Ribeiro wins face-off versus Anze Kopitar in Canucks zone.
9:20 of 3rd period - Josef Vasicek is hit by Mike Ribeiro and loses puck.
9:37 of 3rd period - Slapshot by Cam Janssen.
9:37 of 3rd period - Shot Misses the Net.
9:53 of 3rd period - Slapshot by Alex Goligoski.
9:53 of 3rd period - Deflect By Nik Antropov.
9:53 of 3rd period - Shot Blocked by Jason Pominville.
9:53 of 3rd period - Puck is out of play.
9:54 of 3rd period - Anze Kopitar wins face-off versus Nik Antropov in Kings zone.
10:01 of 3rd period - Jamie McBain is hit by Travis Hamonic and loses puck.
10:16 of 3rd period - Minor Penalty to Jason Pominville for Hooking.
10:17 of 3rd period - Mike Ribeiro wins face-off versus Greg Campbell in Kings zone.
10:18 of 3rd period - Wrist shot by Alex Goligoski.
10:18 of 3rd period - Goal by Alex Goligoski - Kings : 4 - Canucks : 2.
10:19 of 3rd period - Mike Ribeiro wins face-off versus Antoine Vermette in neutral zone.
10:22 of 3rd period - Slapshot by Alex Goligoski.
10:22 of 3rd period - Deflect By Brad Boyes.
10:22 of 3rd period - Stopped by Frederik Andersen with a rebound.
10:24 of 3rd period - Snap shot by Clarke MacArthur.
10:24 of 3rd period - Stopped by Frederik Andersen with a rebound.
10:26 of 3rd period - Backhand shot by Alex Goligoski.
10:26 of 3rd period - Stopped by Frederik Andersen with a rebound.
10:28 of 3rd period - Wrist shot by Ben Lovejoy.
10:28 of 3rd period - Deflect By Clarke MacArthur.
10:28 of 3rd period - Stopped by Frederik Andersen with a rebound.
10:30 of 3rd period - Wrist shot by Brad Boyes.
10:30 of 3rd period - Goal by Brad Boyes - Kings : 4 - Canucks : 3.
10:31 of 3rd period - Mike Ribeiro wins face-off versus Antoine Vermette in neutral zone.
10:48 of 3rd period - Alex Goligoski is hit by Kyle Clifford and loses puck.
12:44 of 3rd period - Snap shot by Ryan Hollweg.
12:44 of 3rd period - Stopped by Frederik Andersen without a rebound.
12:45 of 3rd period - Darren Helm wins face-off versus Antoine Vermette in Kings zone.
12:46 of 3rd period - Snap shot by Stefan Ruzicka.
12:46 of 3rd period - Stopped by Frederik Andersen without a rebound.
12:47 of 3rd period - Antoine Vermette wins face-off versus Mike Ribeiro in Kings zone.
12:49 of 3rd period - Minor Penalty to Kyle Clifford for Hooking.
12:50 of 3rd period - Greg Campbell wins face-off versus Mike Ribeiro in Kings zone.
13:21 of 3rd period - Chris Mcallister is hit by Danny DeKeiser and loses puck.
14:49 of 3rd period - Penalty to Kyle Clifford is over, Kyle Clifford is back on ice.
16:50 of 3rd period - Sami Lepisto is hit by Chris Mcallister and loses puck.
18:16 of 3rd period - Minor Penalty to Antoine Vermette for Tripping.
18:17 of 3rd period - Greg Campbell wins face-off versus Mike Ribeiro in Kings zone.
18:32 of 3rd period - Slapshot by Chris Mcallister.
18:32 of 3rd period - Stopped by Carey Price with a rebound.
18:44 of 3rd period - Greg Campbell is hit by Jiri Hudler and loses puck.
19:56 of 3rd period - Drew Doughty is hit by Shane Doan and loses puck.
Goals for this period are 1 for Kings vs 2 for Canucks.
Shots for this period are 11 for Kings vs 10 for Canucks.